 Dungeon Sprint DCSS version 0.22.1-1-ga44c0e56f4 (webtiles) character file.

943 MuseOD the Impaler (level 8, -4/74 (76) HPs)
             Began as a Merfolk Berserker on Oct 4, 2018.
             Was a Priest of Trog.
             Slain by a tyrant leech (18 damage)
             ... in the Dungeon (Sprint II: "The Violet Keep of Menkaure").
             The game lasted 00:00:55 (252 turns).

MuseOD the Impaler (Merfolk Berserker)               Turns: 252, Time: 00:00:55

HP:   -4/74 (76)    AC:  2    Str: 20    XL:     8   Next: 12%
MP:   8/8           EV: 16    Int:  6    God:    Trog [***...]
Gold: 729           SH:  0    Dex: 13    Spells: 7/7 levels left

rFire    . . .     SeeInvis .   a - +0 spear
rCold    . . .     Gourm    .   (no shield)
rNeg     . . .     Faith    .   b - +0 animal skin
rPois    .         Spirit   .   (no helmet)
rElec    .         Reflect  .   (no cloak)
rCorr    .         Harm     .   (no gloves)
MR       ++...     NoTele   +   (no boots)
Stlth    ++........             (no amulet)
HPRegen  1.22/turn              (no ring)
MPRegen  0.11/turn              (no ring)

@: berserk cooldown, regenerating, slowed, very slow
A: change form in water, swift swim, stealthy swim
a: Berserk, Trog's Hand, Renounce Religion


You were in the Dungeon.
You worshipped Trog.
Trog was most pleased with you.
You were near starving.

You visited 1 branch You collected 729 gold pieces.

Inventory:

Hand Weapons
 a - a +0 spear (weapon)
Missiles
 j - 4 javelins of returning (quivered)
Armour
 b - a +0 animal skin (worn)
Scrolls
 i - a scroll of blinking
Potions
 d - a potion of curing
 e - a potion of heal wounds
 f - a potion of haste
 g - 2 potions of magic
 h - a potion of berserk rage
Comestibles
 c - a ration
 k - 2 chunks of flesh


   Skills:
 + Level 11.9 Fighting
 + Level 15.4 Polearms
 + Level 4.4 Armour
 + Level 7.5 Dodging
 + Level 1.3 Stealth


You had 7 spell levels left.
You didn't know any spells.
Your spell library was empty.

Dungeon Overview and Level Annotations

Branches:
Dungeon (1/1)

Altars:

Annotations:
D exclusion: Roxanne, Roxanne


Message History

You miss the tyrant leech.
The tyrant leech is almost dead.
You completely miss the tyrant leech.
The tyrant leech is almost dead.
You are no longer berserk.
Trog's vigour flows through your veins.
You are exhausted.
You feel yourself slow down.
You closely miss the tyrant leech.
The tyrant leech is almost dead.
The tyrant leech bites you!!
* * * LOW HITPOINT WARNING * * *
The tyrant leech draws strength from your injuries!
You hit the tyrant leech but do no damage.
The tyrant leech is severely wounded.
Your skin crawls.
You feel resistant to hostile enchantments.
You are near starving!
The tyrant leech bites you!!
You die...

... ##+#
##..###
#..##.#
####.#.####
#.###'###.##
#.##.##...#
+###'.<.รท##.+
#.#.##@##...#
#.###w###.##
### .#. ### ..
.. ##. $## ##
##


You could see a tyrant leech.

Vanquished Creatures
  A tyrant leech (D)
  2 hippogriffs (D)
  4 necrophages (D)
  3 worms (D)
10 creatures vanquished.

Vanquished Creatures (others)
  A crocodile (D)
1 creature vanquished.

Grand Total: 11 creatures vanquished

Notes
Turn   | Place    | Note
-------+----------+-------------------------------------------
     0 | D        | MuseOD the Merfolk Berserker began the quest for the Orb.
     0 | D        | Reached XP level 1. HP: 18/18 MP: 1/1
     1 | D        | Noticed a necrophage
     1 | D        | Noticed a necrophage
     1 | D        | Noticed a necrophage
     1 | D        | Noticed a necrophage
     8 | D        | Killed a necrophage
     8 | D        | Reached skill level 8 in Polearms
     8 | D        | Reached XP level 2. HP: 29/29 MP: 2/2
     8 | D        | Reached XP level 3. HP: 35/35 MP: 3/3
     8 | D        | Reached XP level 4. HP: 41/41 MP: 4/4
    16 | D        | Killed a necrophage
    16 | D        | Reached skill level 10 in Polearms
    16 | D        | Reached skill level 5 in Dodging
    16 | D        | Reached XP level 5. HP: 47/47 MP: 5/5
    19 | D        | Killed a necrophage
    19 | D        | Reached ** piety under Trog
    19 | D        | Reached skill level 11 in Polearms
    19 | D        | Reached XP level 6. HP: 56/56 MP: 6/6
    23 | D        | Killed a necrophage
    23 | D        | Reached skill level 12 in Polearms
   107 | D        | Reached *** piety under Trog
   144 | D        | Noticed Roxanne
   158 | D        | Noticed a hippogriff
   158 | D        | Noticed a hippogriff
   165 | D        | Killed a hippogriff
   165 | D        | Reached skill level 10 in Fighting
   165 | D        | Reached skill level 13 in Polearms
   165 | D        | Reached XP level 7. HP: 65/65 MP: 7/7
   172 | D        | Killed a hippogriff
   172 | D        | Received a gift from Trog
   172 | D        | Reached skill level 14 in Polearms
   172 | D        | Reached skill level 1 in Stealth
   220 | D        | Noticed a tyrant leech
   220 | D        | Noticed a tyrant leech
   239 | D        | Killed a tyrant leech
   239 | D        | Reached skill level 15 in Polearms
   239 | D        | Reached XP level 8. HP: 74/74 MP: 8/8
   252 | D        | Slain by a tyrant leech

Skill      XL: |  1  2  3  4  5  6  7 |
---------------+----------------------+-----
Fighting       | 6 8 9 10 11 | 11.9
Polearms       | 8 10 11 13 15 | 15.4
Armour         | 2 3 4 |  4.4
Dodging        | 4 5 6 7 |  7.5
Stealth        | 1 |  1.3

Action                   |  1- 3 |  4- 6 |  7- 9 || total
-------------------------+-------+-------+-------++-------
Melee: Spear             |     6 |    29 |    35 ||    70
Invok: Berserk           |     1 |     2 |     1 ||     4
       Trog's Hand       |       |       |     1 ||     1
Armor: Animal skin       |       |     1 |       ||     1
Dodge: Dodged            |     1 |     1 |     4 ||     6
